TOP OF THE 1ST |
Nashville G-Strings batting - Pitching for Kalamazoo Royale with Cheese : LHP Jason Simpson
|
Pitching: LHP Jason Simpson
|
|
Batting: RHB Eric Thompson
|
0-0: Ball 1-0: Foul Ball, location: 2F 1-1: SINGLE (Line Drive, 9LM)
|
Batting: RHB Juan Costello
|
0-0: Foul Ball, location: 2F 0-1: Called Strike 0-2: Ball 1-2: Ball 2-2: Strikes out swinging
|
Batting: RHB Sergio Márquez
|
0-0: Ball 1-0: Ball 2-0: Called Strike 2-1: Ball 3-1: Base on Balls Eric Thompson to second
|
Batting: SHB Rob Grun
|
0-0: Ball Eric Thompson steals 3rd base 1-0: Ground out 4-3 (Groundball, 34) Eric Thompson scores Sergio Márquez to second
|
Batting: LHB Bob Cunningham
|
0-0: Ball 1-0: Ball 2-0: Ground out U3 (Groundball, 34)
|
Top of the 1st over - 1 run, 1 hit, 0 errors, 1 left on base; Nashville 1 - Kalamazoo 0 |
BOTTOM OF THE 1ST |
Kalamazoo Royale with Cheese batting - Pitching for Nashville G-Strings : LHP Bill Moore
|
Pitching: LHP Bill Moore
|
|
Batting: RHB Millard Boyd
|
0-0: Ball 1-0: Ball 2-0: SINGLE (Groundball, 6D)
|
Batting: RHB Zander Tremblett
|
0-0: Called Strike 0-1: Foul Ball, location: 2F 0-2: Strikes out swinging
|
Batting: SHB Caden Keith
|
0-0: Ball Pickoff Throw to First - Out! 1-0: Foul Ball, location: 2F 1-1: Foul Ball, location: 2F 1-2: Ball 2-2: Foul Ball, location: 2F 2-2: Foul Ball, location: 2F 2-2: Ball 3-2: Ground out 4-3 (Groundball, 4)
|
Bottom of the 1st over - 0 runs, 1 hit, 0 errors, 0 left on base; Nashville 1 - Kalamazoo 0 |
TOP OF THE 2ND |
Nashville G-Strings batting - Pitching for Kalamazoo Royale with Cheese : LHP Jason Simpson
|
Batting: SHB Jorge Flores
|
0-0: Called Strike 0-1: Fly out, F8 (Flyball, 8RM)
|
Batting: SHB Ricardo Arévalo
|
0-0: Ball 1-0: Swinging Strike 1-1: Ground out 4-3 (Groundball, 4)
|
Batting: LHB Miguel Rivería
|
0-0: Foul Ball, location: 2F 0-1: Foul Ball, location: 2F 0-2: Foul Ball, location: 2F 0-2: Foul Ball, location: 2F 0-2: Strikes out swinging
|
Top of the 2nd over - 0 runs, 0 hits, 0 errors, 0 left on base; Nashville 1 - Kalamazoo 0 |
BOTTOM OF THE 2ND |
Kalamazoo Royale with Cheese batting - Pitching for Nashville G-Strings : LHP Bill Moore
|
Batting: LHB Gene Cooper
|
0-0: Foul Ball, location: 2F 0-1: Ball 1-1: Ball 2-1: Foul Ball, location: 2F 2-2: Ball 3-2: SINGLE (Groundball, 3S) (infield hit)
|
Batting: RHB Chris Parker
|
0-0: Fly out, F8 (Flyball, 8LS)
|
Batting: RHB Eugene Gill
|
0-0: Called Strike 0-1: SINGLE (Groundball, 34D) Gene Cooper to second Runner from 2nd tries for 3rd, SAFE, no throw
|
Batting: RHB Marlon Phipps
|
0-0: Foul Ball, location: 2F 0-1: Swinging Strike 0-2: Foul Ball, location: 2F 0-2: Ball 1-2: Foul Ball, location: 2F 1-2: Strikes out looking
|
Batting: RHB Eichiro Yamamoto
|
0-0: Foul Ball, location: 2F 0-1: Swinging Strike 0-2: Ball 1-2: Ball 2-2: Fly out, F3 (Popup, 3S)
|
Bottom of the 2nd over - 0 runs, 2 hits, 0 errors, 2 left on base; Nashville 1 - Kalamazoo 0 |
TOP OF THE 3RD |
Nashville G-Strings batting - Pitching for Kalamazoo Royale with Cheese : LHP Jason Simpson
|
Batting: RHB Vicente Aguirre
|
0-0: Ball 1-0: Foul Ball, location: 2F 1-1: Fly out, F4 (Line Drive, 4)
|
Batting: RHB Eric Thompson
|
0-0: Ball 1-0: Ball 2-0: Foul Ball, location: 2F 2-1: Ball 3-1: Ground out 6-3 (Groundball, 6)
|
Batting: RHB Juan Costello
|
0-0: Ball 1-0: Ball 2-0: Ball 3-0: Base on Balls
|
Batting: RHB Sergio Márquez
|
Pickoff Throw to First - Out!
|
Top of the 3rd over - 0 runs, 0 hits, 0 errors, 0 left on base; Nashville 1 - Kalamazoo 0 |
BOTTOM OF THE 3RD |
Kalamazoo Royale with Cheese batting - Pitching for Nashville G-Strings : LHP Bill Moore
|
Batting: RHB Dan Tyler
|
0-0: Ball 1-0: Ball 2-0: Fly out, F6 (Line Drive, 6)
|
Batting: RHB Millard Boyd
|
0-0: Ball 1-0: Ball 2-0: Ball 3-0: Base on Balls
|
Batting: RHB Zander Tremblett
|
0-0: Called Strike 0-1: Swinging Strike 0-2: Foul Ball, location: 2F 0-2: Ball 1-2: SINGLE (Groundball, 34D) Millard Boyd to second Runner from 2nd tries for 3rd, SAFE, no throw
|
Batting: SHB Caden Keith
|
0-0: Ball 1-0: Ball 2-0: 3-RUN HOME RUN (Flyball, 7LD), Distance : 349 ft
|
Batting: LHB Gene Cooper
|
0-0: Foul Ball, location: 2F 0-1: Ball 1-1: Ground out U3 (Groundball, 34S)
|
Batting: RHB Chris Parker
|
0-0: Ball 1-0: Called Strike 1-1: Foul Ball, location: 2F 1-2: Ball 2-2: Strikes out swinging
|
Bottom of the 3rd over - 3 runs, 2 hits, 0 errors, 0 left on base; Nashville 1 - Kalamazoo 3 |
TOP OF THE 4TH |
Nashville G-Strings batting - Pitching for Kalamazoo Royale with Cheese : LHP Jason Simpson
|
Batting: RHB Sergio Márquez
|
0-0: Foul Ball, location: 2F 0-1: Ball 1-1: Ball 2-1: Foul Ball, location: 2F 2-2: Ball 3-2: Foul Ball, location: 2F 3-2: Fly out, F9 (Flyball, 89D)
|
Batting: SHB Rob Grun
|
0-0: Reached on error, E3 (Groundball, 34S)
|
Batting: LHB Bob Cunningham
|
0-0: Ball 1-0: Ball 2-0: Ground out 6-3 (Groundball, 6S) Rob Grun to third
|
Batting: SHB Jorge Flores
|
0-0: Called Strike 0-1: Swinging Strike 0-2: Strikes out looking
|
Top of the 4th over - 0 runs, 0 hits, 1 error, 1 left on base; Nashville 1 - Kalamazoo 3 |
BOTTOM OF THE 4TH |
Kalamazoo Royale with Cheese batting - Pitching for Nashville G-Strings : LHP Bill Moore
|
Batting: RHB Eugene Gill
|
0-0: Ball 1-0: Called Strike 1-1: Ball 2-1: Foul Ball, location: 2F 2-2: Strikes out swinging
|
Batting: RHB Marlon Phipps
|
0-0: Ball 1-0: Called Strike 1-1: Ball 2-1: Ball 3-1: Foul Ball, location: 2F 3-2: Base on Balls
|
Batting: RHB Eichiro Yamamoto
|
0-0: Ball 1-0: Ball 2-0: Grounds into double play, 4-6-3 (Groundball, 34)
|
Bottom of the 4th over - 0 runs, 0 hits, 0 errors, 0 left on base; Nashville 1 - Kalamazoo 3 |
TOP OF THE 5TH |
Nashville G-Strings batting - Pitching for Kalamazoo Royale with Cheese : LHP Jason Simpson
|
Batting: SHB Ricardo Arévalo
|
0-0: Ball 1-0: Fly out, F8 (Flyball, 8RD)
|
Batting: LHB Miguel Rivería
|
0-0: Ball 1-0: Ball 2-0: Foul Ball, location: 2F 2-1: Fly out, F9 (Flyball, 9)
|
Batting: RHB Vicente Aguirre
|
0-0: Called Strike 0-1: DOUBLE (Line Drive, 3D)
|
Batting: RHB Eric Thompson
|
0-0: Ball 1-0: Ball 2-0: Ball 3-0: Base on Balls
|
Batting: RHB Juan Costello
|
0-0: Foul Ball, location: 2F 0-1: Ball 1-1: Ball 2-1: Ball 3-1: Called Strike 3-2: Strikes out swinging
|
Top of the 5th over - 0 runs, 1 hit, 0 errors, 2 left on base; Nashville 1 - Kalamazoo 3 |
BOTTOM OF THE 5TH |
Kalamazoo Royale with Cheese batting - Pitching for Nashville G-Strings : LHP Bill Moore
|
Batting: RHB Dan Tyler
|
0-0: Ball 1-0: Called Strike 1-1: Swinging Strike 1-2: DOUBLE (Line Drive, 7LD)
|
Batting: RHB Millard Boyd
|
0-0: Called Strike 0-1: Ball 1-1: Ground out 6-3 (Groundball, 6MS) Dan Tyler to third
|
Batting: RHB Zander Tremblett
|
0-0: Ball 1-0: Ball 2-0: Called Strike 2-1: SINGLE (Line Drive, 9LS) Dan Tyler scores
|
Batting: SHB Caden Keith
|
0-0: Called Strike 0-1: Foul Ball, location: 2F 0-2: Ball 1-2: Ball 2-2: Fly out, F9 (Line Drive, 9)
|
Batting: LHB Gene Cooper
|
0-0: Fly out, F7 (Line Drive, 7)
|
Bottom of the 5th over - 1 run, 2 hits, 0 errors, 1 left on base; Nashville 1 - Kalamazoo 4 |
TOP OF THE 6TH |
Nashville G-Strings batting - Pitching for Kalamazoo Royale with Cheese : LHP Jason Simpson
|
Batting: RHB Sergio Márquez
|
0-0: Ball 1-0: Ball 2-0: Called Strike 2-1: Called Strike 2-2: Foul Ball, location: 2F 2-2: Ground out 6-3 (Groundball, 6)
|
Batting: SHB Rob Grun
|
0-0: Called Strike 0-1: Ball 1-1: Ball 2-1: SINGLE (Groundball, 34D)
|
Batting: LHB Bob Cunningham
|
0-0: Ball 1-0: Called Strike 1-1: Ball 2-1: Fielders Choice at 2nd, 5-4 (Groundball, 56)
|
Batting: SHB Jorge Flores
|
0-0: Called Strike 0-1: Foul Ball, location: 2F 0-2: Foul Ball, location: 2F 0-2: Fly out, F8 (Flyball, 8RM)
|
Top of the 6th over - 0 runs, 1 hit, 0 errors, 1 left on base; Nashville 1 - Kalamazoo 4 |
BOTTOM OF THE 6TH |
Kalamazoo Royale with Cheese batting - Pitching for Nashville G-Strings : LHP Bill Moore
|
Batting: RHB Chris Parker
|
0-0: Ball 1-0: Ball 2-0: Ball 3-0: Called Strike 3-1: Base on Balls
|
Pitching: RHP José Salinas
|
|
Batting: RHB Eugene Gill
|
0-0: Ball 1-0: Ball 2-0: Fly out, F1 (Line Drive, 15)
|
Batting: RHB Marlon Phipps
|
0-0: Ball 1-0: Foul Ball, location: 2F 1-1: Foul Ball, location: 2F 1-2: Ball 2-2: Fly out, F4 (Line Drive, 4M)
|
Batting: RHB Eichiro Yamamoto
|
0-0: Fly out, F9 (Flyball, 9D)
|
Bottom of the 6th over - 0 runs, 0 hits, 0 errors, 1 left on base; Nashville 1 - Kalamazoo 4 |
TOP OF THE 7TH |
Nashville G-Strings batting - Pitching for Kalamazoo Royale with Cheese : LHP Jason Simpson
|
Batting: SHB Ricardo Arévalo
|
0-0: Ball 1-0: DOUBLE (Line Drive, 7LD)
|
Pitching: RHP António Ojeda
|
|
Batting: LHB Miguel Rivería
|
0-0: Called Strike 0-1: Ball 1-1: Swinging Strike 1-2: Foul Ball, location: 2F 1-2: DOUBLE (Flyball, 8RXD) Ricardo Arévalo scores
|
Batting: RHB Vicente Aguirre
|
0-0: Fly out, F4 (Line Drive, 4)
|
Batting: RHB Eric Thompson
|
0-0: Ground out 1-3 (Groundball, 13) Miguel Rivería to third
|
Batting: RHB Juan Costello
|
0-0: Ball 1-0: Called Strike 1-1: Ball 2-1: Ball 3-1: Base on Balls
|
Batting: RHB Sergio Márquez
|
0-0: Ball 1-0: Ball 2-0: SINGLE (Flyball, 8LS) Miguel Rivería scores Juan Costello to second
|
Batting: SHB Rob Grun
|
0-0: Called Strike 0-1: Ball 1-1: Ball 2-1: Ball 3-1: Called Strike 3-2: Base on Balls Juan Costello to third Sergio Márquez to second
|
Pitching: LHP Carlos Thomas
|
|
Batting: LHB Bob Cunningham
|
0-0: Called Strike 0-1: Ball 1-1: Ball 2-1: Ball 3-1: Base on Balls Juan Costello scores Sergio Márquez to third Rob Grun to second
|
Pitching: RHP Josh Graham
|
|
Batting: SHB Jorge Flores
|
0-0: Fly out, F3 (Popup, 3D)
|
Top of the 7th over - 3 runs, 3 hits, 0 errors, 3 left on base; Nashville 4 - Kalamazoo 4 |
BOTTOM OF THE 7TH |
Kalamazoo Royale with Cheese batting - Pitching for Nashville G-Strings : RHP José Salinas
|
Pinch Hitting: LHB Bob Smith
|
0-0: Called Strike 0-1: Ball 1-1: Called Strike 1-2: Ball 2-2: Ball 3-2: Foul Ball, location: 2F 3-2: Fly out, F8 (Flyball, 8LM)
|
Batting: RHB Millard Boyd
|
0-0: Called Strike 0-1: Called Strike 0-2: Foul Ball, location: 2F 0-2: Foul Ball, location: 2F 0-2: Ball 1-2: Foul Ball, location: 2F 1-2: Foul Ball, location: 2F 1-2: Foul Ball, location: 2F 1-2: Ground out 5-3 (Groundball, 5)
|
Batting: RHB Zander Tremblett
|
0-0: Called Strike 0-1: Swinging Strike 0-2: Strikes out swinging
|
Bottom of the 7th over - 0 runs, 0 hits, 0 errors, 0 left on base; Nashville 4 - Kalamazoo 4 |
TOP OF THE 8TH |
Nashville G-Strings batting - Pitching for Kalamazoo Royale with Cheese : RHP Josh Graham
|
Now in LF: Bob Smith
|
|
Batting: SHB Ricardo Arévalo
|
0-0: Ground out 5-3 (Groundball, 56S)
|
Batting: LHB Miguel Rivería
|
0-0: Called Strike 0-1: Ball 1-1: Ball 2-1: Called Strike 2-2: Foul Ball, location: 2F 2-2: Ground out 4-3 (Groundball, 4)
|
Batting: RHB Vicente Aguirre
|
0-0: Ball 1-0: Ball 2-0: Called Strike 2-1: Called Strike 2-2: Ball 3-2: Strikes out looking
|
Top of the 8th over - 0 runs, 0 hits, 0 errors, 0 left on base; Nashville 4 - Kalamazoo 4 |
BOTTOM OF THE 8TH |
Kalamazoo Royale with Cheese batting - Pitching for Nashville G-Strings : RHP José Salinas
|
Batting: SHB Caden Keith
|
0-0: Ball 1-0: Foul Ball, location: 2F 1-1: SINGLE (Line Drive, 9S)
|
Pitching: LHP Raúl Sandoval
|
|
Batting: LHB Gene Cooper
|
0-0: Ball 1-0: Ball 2-0: Ball 3-0: Called Strike 3-1: Swinging Strike 3-2: Foul Ball, location: 2F 3-2: Strikes out looking
|
Pitching: RHP Kimitada Takai
|
|
Batting: RHB Chris Parker
|
0-0: Ball 1-0: Fly out, F8 (Flyball, 8LXD)
|
Pinch Hitting: LHB Donovan Bird
|
0-0: Ball 1-0: Ball 2-0: Foul Ball, location: 2F 2-1: Ball 3-1: Foul Ball, location: 2F 3-2: Ground out U3 (Groundball, 34S)
|
Bottom of the 8th over - 0 runs, 1 hit, 0 errors, 1 left on base; Nashville 4 - Kalamazoo 4 |
TOP OF THE 9TH |
Nashville G-Strings batting - Pitching for Kalamazoo Royale with Cheese : RHP Josh Graham
|
Pitching: RHP Víctor Reyes
|
|
Now at 2B: Javier Espinoza
|
|
Batting: RHB Eric Thompson
|
0-0: Called Strike 0-1: Swinging Strike 0-2: Ball 1-2: Fly out, F6 (Line Drive, 6)
|
Pinch Hitting: LHB Robinson Fernández
|
0-0: Ball 1-0: Ball 2-0: Called Strike 2-1: SOLO HOME RUN (Flyball, 9LD), Distance : 369 ft
|
Batting: RHB Sergio Márquez
|
0-0: Fly out, F7 (Flyball, 7LD)
|
Batting: SHB Rob Grun
|
0-0: Ball 1-0: Foul Ball, location: 2F 1-1: Ball 2-1: Ball 3-1: DOUBLE (Line Drive, 8LXD)
|
Batting: LHB Bob Cunningham
|
0-0: Called Strike 0-1: Ball 1-1: Foul Ball, location: 2F 1-2: Strikes out swinging
|
Top of the 9th over - 1 run, 2 hits, 0 errors, 1 left on base; Nashville 5 - Kalamazoo 4 |
BOTTOM OF THE 9TH |
Kalamazoo Royale with Cheese batting - Pitching for Nashville G-Strings : RHP Kimitada Takai
|
Pitching: RHP Mario Machado
|
|
Now at 2B: Billy Mullins
|
|
Batting: RHB Marlon Phipps
|
0-0: Called Strike 0-1: Ball 1-1: Ball 2-1: Ball 3-1: Called Strike 3-2: Strikes out looking
|
Batting: RHB Eichiro Yamamoto
|
0-0: Ball 1-0: Called Strike 1-1: Swinging Strike 1-2: Strikes out swinging
|
Pitching: RHP Johnathan Phillips
|
|
Batting: LHB Bob Smith
|
0-0: Ball 1-0: Ball 2-0: SINGLE (Line Drive, 89S)
|
Batting: RHB Millard Boyd
|
0-0: Foul Ball, location: 2F 0-1: Swinging Strike 0-2: Ball 1-2: Ball 2-2: Foul Ball, location: 2F 2-2: Strikes out swinging
|
Bottom of the 9th over - 0 runs, 1 hit, 0 errors, 1 left on base; Nashville 5 - Kalamazoo 4 |
|